[Event "*** Titled Tuesday Blitz"]
[Site "Chess.com"]
[Date "2018.09.04"]
[Round "3"]
[White "tigra"]
[Black "Hamisandwich"]
[Result "0-1"]
[WhiteElo "2662"]
[BlackElo "2499"]
[TimeControl "180+2"]
[EndTime "14:13:12 PDT"]
[Termination "Hamisandwich won by resignation"]

1. e4 d6 2. d4 Nf6 3. Nc3 e5 4. Nf3 Nbd7 5. Bc4 Be7 6. O-O O-O 7. Re1 a6 8. a4 b6 9. Nd5 Bb7 10. Nxe7+ Qxe7 11. Bd3 h6 12. c3 exd4 13. cxd4 Rfe8 14.
Nd2 c5 15. dxc5 Nxc5 16. Bb1 Rad8 17. Ra3 b5 18. axb5 axb5 19. Rg3 Kh8 20. b4 Na4 21. Nb3 d5 22. e5 Ne4 23. Qh5 Qxe5 24. Qxe5 Rxe5 25.
Rd3 Rde8 26. f3 Nec3 27. Rxe5 Rxe5 28. Bc2 Re1+ 29. Kf2 Re2+ 30. Kg3 Rxc2 31. Bd2 Bc8 32. h3 Bf5 33. Re3 Kh7 34. Be1 Re2 35. Bf2 Rxe3 36.
Bxe3 Nb2 37. Bd4 Ne2+ 38. Kf2 Nxd4 39. Nxd4 Bd7 40. Ke3 Nc4+ 41. Kf4 f6 42. Nb3 g5+ 43. Kg3 Ne3 44. Kf2 Nc2 45. Nc5 Bf5 46. Na6 d4 47.
Ke2 Bc8 48. Nc7 Nxb4 49. Kd2 Bd7 50. Na8 Nd5 51. Nb6 Nxb6 0-1

[Event "*** Titled Tuesday Blitz"]
[Site "Chess.com"]
[Date "2018.09.04"]
[Round "3"]
[White "MikaelyanArman"]
[Black "BilodeauA"]
[Result "0-1"]
[WhiteElo "2677"]
[BlackElo "2782"]
[TimeControl "180+2"]
[EndTime "14:13:13 PDT"]
[Termination "BilodeauA won on time"]

1. e4 c5 2. Nc3 d6 3. Nf3 Nf6 4.
e5 dxe5 5. Nxe5 Nbd7 6. d4 e6 7. Bb5 a6 8. Bxd7+ Nxd7 9. Qh5 Nxe5 10. dxe5 Be7 11. O-O O-O 12. Be3 b6 13. Rad1 Qc7 14. Ne4 g6 15. Qf3 Qxe5 16. Nf6+ Bxf6 17. Qxa8 Qxb2 18.
Bh6 Bg7 19. Bxg7 Kxg7 20. Qc6 Qxc2 21. Qxb6 Qxa2 22. Qxc5 Bb7 23. Rd7 Bd5 24. Qd4+ Kg8 25. h4 h5 26. Re1 Qc2 27. Re3 a5 28. Rc3 Qb1+ 29. Kh2 Qb8+ 30. Rg3 Bc6 31. Re7 Bd5 32. f4 Qb1 33. Ra7 Qf5 34. Rg5 Qc2 35. Rxa5 Rc8 36. f5 Qc7+ 37. Rg3 Qxa5 38. fxg6 f5 39. Qf6 Qc7 40. g7 Qf4 41. Qg6 Qxh4+ 42. Rh3 Qf4+ 43.
Rg3 h4 0-1

[Event "*** Titled Tuesday Blitz"]
[Site "Chess.com"]
[Date "2018.09.04"]
[Round "3"]
[White "MFguimaraes"]
[Black "Mistheoretical"]
[Result "1/2-1/2"]
[WhiteElo "2304"]
[BlackElo "2393"]
[TimeControl "180+2"]
[EndTime "14:13:13 PDT"]
[Termination "Game drawn by repetition"]

1. e4 e6 2. d4 d5 3. Bd3 dxe4 4. Bxe4 Nf6 5. Bf3 c5 6. Ne2 Qb6 7. O-O Bd7 8. Be3 Bc6 9. dxc5 Bxc5 10. Bxc5 Qxc5 11.
Nd2 O-O 12. c3 Nbd7 13. Nd4 Bd5 14. Bxd5 Qxd5 15. Qe2 Rfe8 16. Rfe1 a6 17. Ne4 Nxe4 18. Qxe4 Nf6 19. Qh4 h6 20. Re2 b5 21. a3 a5 22.
Rae1 b4 23. axb4 axb4 24. cxb4 Qc4 25. b5 Red8 26. Nf3 Qxb5 27. Ne5 Ra4 28. b4 Rxb4 29. Qg3 Rb1 30. Qe3 Rdd1 31. Rxd1 Rxd1+ 32. Re1 Qb1 33.
Nf3 Nd5 34. Rxd1 Qxd1+ 35. Qe1 Qd3 36. Qd2 Qe4 37. Qe1 Qg4 38. h3 Qf5 39. Qe5 Qb1+ 40. Kh2 Qc2 41. Nd4 Qxf2 42. Nxe6 Nf6 43. Qb8+ Kh7 44.
Nf8+ Kg8 45. Nd7+ Kh7 46. Nf8+ Kg8 47. Nd7+ Kh7 48. Nf8+ Kg8 49. Ne6+ Kh7 50. Nf8+ Kg8 51. Ne6+ Kh7 52. Nf8+ 1/2-1/2

[Event "*** Titled Tuesday Blitz"]
[Site "Chess.com"]
[Date "2018.09.04"]
[Round "3"]
[White "suyu28"]
[Black "ElHelvetico"]
[Result "0-1"]
[WhiteElo "2494"]
[BlackElo "2654"]
[TimeControl "180+2"]
[EndTime "14:13:15 PDT"]
[Termination "ElHelvetico won on time"]

1. d4 Nf6 2. c4 e6 3. g3 d5 4.
Nf3 Bb4+ 5. Bd2 Be7 6. Bg2 O-O 7. O-O c6 8. Qc2 Nbd7 9. Rc1 a5 10. Bf4 Nh5 11. Bd2 Nhf6 12. Be1 b5 13. cxb5 cxb5 14. Nbd2 Ba6 15. Qc7 Nb6 16. Qxd8 Rfxd8 17. Ne5 Rdc8 18. Nc6 Bf8 19. Nxa5 b4 20. e4 Bd3 21. Rxc8 Nxc8 22. Nab3 dxe4 23. Bf1 Bxf1 24. Kxf1 Nd6 25. Nc5 Nb5 26.
Ndxe4 Nxe4 27. Nxe4 Nxd4 28. Bd2 f5 29. Ng5 h6 30. Nh3 Nf3 31. Be3 Nxh2+ 32. Ke2 Ng4 33. Nf4 Kf7 34. Rc1 Rxa2 35. Rc7+ Kg8 36. Nxe6 Rxb2+ 37. Kd3 Nxe3 38. fxe3 Rb3+ 39. Kd4 Rc3 40. Rb7 Rc8 0-1

[Event "*** Titled Tuesday Blitz"]
[Site "Chess.com"]
[Date "2018.09.04"]
[Round "3"]
[White "Abdodi"]
[Black "Manukyan_Artak"]
[Result "1/2-1/2"]
[WhiteElo "2247"]
[BlackElo "2311"]
[TimeControl "180+2"]
[EndTime "14:13:17 PDT"]
[Termination "Game drawn by agreement"]

1. d4 e6 2. c4 Nf6 3. Nc3 Bb4 4. Qc2 d5 5. Nf3 O-O 6. Bg5 c5 7. e3 h6 8. Bxf6 Qxf6 9. cxd5 cxd4 10. Nxd4 exd5 11.
a3 Bxc3+ 12. Qxc3 Nc6 13. Rd1 Be6 14. Bb5 Ne5 15. O-O Rac8 16. Qa5 a6 17. Be2 Rfd8 18. Qb6 Bg4 19. Qxf6 gxf6 20. Bxg4 Nxg4 21. h3 Ne5 22. Nf5 Kh7 23. Rd4 Rc4 24. Rfd1 Rxd4 25. Rxd4 Nc4 26. Ne7 Nxb2 27. Nxd5 Rd6 28. e4 b5 29. f4 Kg7 30. g4 Nc4 31. a4 Nb6 32.
axb5 axb5 33. Kf2 Nxd5 34. Rxd5 Rxd5 35. exd5 Kf8 36. h4 Ke7 37. h5 f5 38. g5 hxg5 39.
fxg5 b4 40. Ke2 b3 41. Kd2 f4 42. h6 b2 43. Kc2 f3 44. h7 f2 45. h8=Q b1=Q+ 46. Kxb1 f1=Q+ 47. Kb2 Qg2+ 48. Ka3 Qxg5 49. Qa8 Qe3+ 50.
Kb4 Qd4+ 51. Kb5 Qb2+ 52. Kc5 Qc3+ 53. Kb5 Qb3+ 54. Kc5 Qc3+ 55. Kb5 1/2-1/2

[Event "*** Titled Tuesday Blitz"]
[Site "Chess.com"]
[Date "2018.09.04"]
[Round "3"]
[White "Bad4life"]
[Black "maziarbagheri"]
[Result "1-0"]
[WhiteElo "2424"]
[BlackElo "2306"]
[TimeControl "180+2"]
[EndTime "14:13:17 PDT"]
[Termination "Bad4life won by checkmate"]

1. e4 e5 2. Nf3 Nc6 3. Bc4 Nf6 4. d3 Be7 5. a4 O-O 6. a5 a6 7. Nbd2 Bc5 8. O-O d6 9. c3 Ba7 10. b4 Ne7 11. Ra2 Ng6 12. h3 Qe7 13. Re1 Nh5 14.
Nf1 Nhf4 15. Be3 Kh8 16. Ng3 f5 17. exf5 Bxf5 18. Nxf5 Rxf5 19. Bxa7 Rxa7 20. d4 Ra8 21. dxe5 dxe5 22. Rd2 Raf8 23. Rd7 Qf6 24. Re3 e4 25. Nd4 Rg5 26. Bf1 Nxh3+ 27. Rxh3 Qxf2+ 28. Kh2 Nf4 29. Qc2 Qxf1 30. Rxh7+ Kxh7 31. Qxe4+ Kh6 32. Rxg7 Rxg7 33. g4 Qh3+ 34. Kg1 Rxg4+ 35. Kf2 Rg2+ 36. Qxg2 Qh1 37. Qxh1+ Kg5 38. Ke3 Re8+ 39. Kd2 c6 40. Qg1+ Kf6 41.
Qf1 Re4 42. Qf3 Ke5 43. Kc2 Nd5 44. Qf5+ Kd6 45. Qxe4 Kd7 46. Qe6+ Kc7 47. Nf5 Kb8 48. Qd6+ Ka7 49. Qc5+ Kb8 50. Qf8+ Ka7 51. Qd8 c5 52.
Nd6 cxb4 53. Nc8+ Kb8 54. Nb6+ Ka7 55. Qa8# 1-0

[Event "*** Titled Tuesday Blitz"]
[Site "Chess.com"]
[Date "2018.09.04"]
[Round "3"]
[White "jerom555888"]
[Black "platy3"]
[Result "1/2-1/2"]
[WhiteElo "2606"]
[BlackElo "2745"]
[TimeControl "180+2"]
[EndTime "14:13:18 PDT"]
[Termination "Game drawn by agreement"]

1. Nf3 d5 2. g3 Nf6 3. Bg2 c5 4.
O-O Nc6 5. d4 cxd4 6. Nxd4 e5 7.
Nxc6 bxc6 8. c4 Be7 9. Nc3 d4 10. Bxc6+ Bd7 11. Bxa8 Qxa8 12. Nd5 Nxd5 13. cxd5 Qxd5 14.
Qb3 Qa8 15. Bd2 O-O 16. Rfc1 Rb8 17. Qc2 h5 18. Qc7 Bh3 19. f3 Bf6 20. b3 e4 21.
Qc6 Qxc6 22. Rxc6 d3 23. Rxf6 gxf6 24. exd3 exf3 25. Kf2 Bg4 26. h3 Bxh3 27. Kxf3 Bg4+ 28. Kf2 Rd8 29. Be3 Rxd3 30. Bxa7 Rf3+ 31. Kg2 Rc3 32.
Bf2 Rc2 33. b4 Rb2 34. a4 Rxb4 35. a5 Rb3 36. a6 Bf3+ 37. Kf1 Rb8 38. a7 Re8 39.
Bd4 Kh7 40. Kf2 Ba8 41. Bxf6 Kg6 42. Bd4 Rd8 43. Ra6+ Kf5 44. Rf6+ Kg5 45. Rf4 Rd7 46. Ke3 f5 47. Kf2 Re7 48. Be3 Kg6 49. Rb4 Rb7 50. Rxb7 Bxb7 51. Bf4 Kf6 52. Ke3 Ke6 53. Kd4 Bh1 54.
Kc5 Bg2 55. Kb6 Kd7 56. Kc5 Ke6 57. Kd4 Bh1 1/2-1/2

[Event "*** Titled Tuesday Blitz"]
[Site "Chess.com"]
[Date "2018.09.04"]
[Round "3"]
[White "Aklanion"]
[Black "ZatonskihAnna"]
[Result "0-1"]
[WhiteElo "2109"]
[BlackElo "2319"]
[TimeControl "180+2"]
[EndTime "14:13:24 PDT"]
[Termination "ZatonskihAnna won by checkmate"]

1. e4 d5 2. exd5 Qxd5 3. Nc3 Qd6 4. d4 c6 5. Bd3 Qxd4 6. Nge2 Qd8 7. O-O Nf6 8. h3 Nbd7 9. Re1 Ne5 10. Nf4 Nxd3 11. Nxd3 Bf5 12. Bg5 e6 13. Qf3 Bxd3 14. cxd3 Be7 15.
Rad1 O-O 16. b3 Nd5 17. Bxe7 Nxe7 18. Ne4 Qd5 19. Qg3 Ng6 20. Re3 Rad8 21. Rde1 Rd7 22.
Qg4 Rfd8 23. Rg3 Qe5 24. Ree3 Kf8 25. Ng5 Qa1+ 26. Kh2 Kg8 27. Qh5 Nf8 28. Ref3 f6 29. Ne4 Kh8 30. Re3 Rd5 31. Qf3 Rf5 32. Qg4 Rd7 33.
Qh4 Kg8 34. Qh6 Ng6 35. Rxg6 hxg6 36. Qxg6 Qe5+ 37. g3 Rxf2+ 38. Nxf2 Qxe3 39. Qe8+ Kh7 40. Qxd7 Qxf2+ 41. Kh1 Qf1+ 42. Kh2 Qf2+ 43. Kh1 Qxg3 44.
Qxe6 Qxd3 45. Qe8 Qd5+ 46. Kh2 a5 47. Qh5+ Kg8 48. Qe8+ Kh7 49. Qc8 b5 50. Kg3 a4 51.
bxa4 bxa4 52. a3 Qb3+ 53. Kh4 Qc4+ 54. Kg3 Qd5 55. Kh4 Qg5# 0-1

[Event "*** Titled Tuesday Blitz"]
[Site "Chess.com"]
[Date "2018.09.04"]
[Round "3"]
[White "Msb2"]
[Black "Justmig"]
[Result "1-0"]
[WhiteElo "2856"]
[BlackElo "2631"]
[TimeControl "180+2"]
[EndTime "14:13:25 PDT"]
[Termination "Msb2 won on time"]

1. d4 d5 2. c4 c6 3. Nc3 Nf6 4.
e3 e6 5. Nf3 Nbd7 6. Be2 dxc4 7.
a4 Bd6 8. Nd2 O-O 9. Nxc4 Bc7 10. b3 e5 11. Ba3 Re8 12. Nd6 Bxd6 13. Bxd6 exd4 14. Qxd4 Nf8 15. Rd1 Bf5 16. O-O Qc8 17. b4 Bg6 18. Be5 Ne6 19. Qh4 Nd7 20. Bd6 Nf6 21.
Rd2 h6 22. f3 c5 23. b5 b6 24. Rfd1 Ng5 25. Bf4 Qe6 26. e4 Qb3 27. Rd3 Qc2 28.
Bxg5 hxg5 29. Qxg5 c4 30. Re3 Rad8 31. Rxd8 Rxd8 32.
Nd5 Qc1+ 33. Kf2 c3 34. Nxc3 Rd2 35. Qe5 Kh7 36. Rd3 Rxd3 37. Bxd3 Qd2+ 38. Be2 Qc2 39. Qd4 Qb2 40. Qe3 Nd7 41. Nd5 Nc5 42. Kg3 Qe5+ 43. Qf4 Qb2 44. Qh4+ Kg8 45. Ne7+ Kf8 46. Nxg6+ fxg6 47. Qd8+ Kf7 48. Bc4+ Ne6 49. Qd7+ Kf8 50. Qxe6 Qe5+ 51. Qxe5 g5 52. Qe6 g4 53. Qd6+ Ke8 54.
Be6 1-0

[Event "*** Titled Tuesday Blitz"]
[Site "Chess.com"]
[Date "2018.09.04"]
[Round "3"]
[White "Karina_Oparina"]
[Black "Cocaino74"]
[Result "1-0"]
[WhiteElo "2184"]
[BlackElo "2171"]
[TimeControl "180+2"]
[EndTime "14:13:25 PDT"]
[Termination "Karina_Oparina won by resignation"]

1. c4 e6 2. Nf3 d5 3. cxd5 exd5 4. d4 Bd6 5. Nc3 Nf6 6. Bg5 c6 7. Qc2 h6 8. Bxf6 Qxf6 9. Nxd5 Qf5 10. e4 Qh5 11. Ne3 O-O 12. Be2 Bb4+ 13. Nd2 Qg6 14. O-O Rd8 15. Nf3 Nd7 16. Qb3 Bf8 17. e5 Nb6 18. a4 Be6 19. Qc3 f5 20. exf6 Qxf6 21. Ne5 Bd6 22. N3c4 Nd5 23. Qd2 Bb4 24. Qc2 Nf4 25.
Rac1 Rxd4 26. Rfd1 Rad8 27. Rxd4 Rxd4 28. Rd1 Bc5 29.
Bf3 Bf5 30. Qc1 Be6 31. Rxd4 Bxd4 32. Qe1 Bxc4 33. Nxc4 Nh3+ 34. Kf1 Nxf2 35. Qe8+ Qf8 36. Qe6+ Qf7 37. Qxf7+ Kxf7 38. Nd6+ Ke6 39. Nxb7 Nd3 40. b3 Kd7 41. Na5 Nc1 42. Bxc6+ Kd6 43. Be4 Ke5 44.
Bc2 Bc3 45. Nc6+ Kd6 46. Nxa7 Kc7 47. Nb5+ Kb6 48. Nxc3 1-0

[Event "*** Titled Tuesday Blitz"]
[Site "Chess.com"]
[Date "2018.09.04"]
[Round "3"]
[White "AlexanderL"]
[Black "NikolaGry"]
[Result "1-0"]
[WhiteElo "2816"]
[BlackElo "2593"]
[TimeControl "180+2"]
[EndTime "14:13:26 PDT"]
[Termination "AlexanderL won by checkmate"]

1. Nf3 c5 2. c4 b6 3. d4 cxd4 4. Nxd4 Bb7 5. Nc3 Nf6 6. f3 d6 7. e4 e6 8. Be2 Be7 9. O-O O-O 10.
Be3 a6 11. Qd2 Nbd7 12. a4 Rc8 13. a5 Ne5 14. Ra4 bxa5 15. Nb3 d5 16. cxd5 Bb4 17. dxe6 Qc7 18. exf7+ Rxf7 19. Rfa1 Rd8 20. Qc2 Bxe4 21. Qc1 Nd3 22. Bxd3 Bxd3 23. Nxa5 Bd6 24. Rh4 h6 25. Nb3 Be5 26. Nc5 Qc6 27. Bf2 Bg6 28. Rxa6 Qc8 29.
Rha4 Nd5 30. Ra8 Nxc3 31. Rxc8 Ne2+ 32. Kf1 Nxc1 33. Rxd8+ Kh7 34. Raa8 Bf5 35. g4 Bc2 36. Kg2 Ne2 37. Be3 Bxb2 38. Ne6 Bf6 39. Nf8+ Kg8 40.
Re8 Bb3 41. Nd7+ Kh7 42. Rh8+ Kg6 43. Nf8+ Rxf8 44. Rhxf8 Bd5 45. Rae8 Nc3 46. h4 h5 47. gxh5+ Kxh5 48. Rh8+ Kg6 49. h5+ Kf7 50. Rhf8# 1-0

[Event "*** Titled Tuesday Blitz"]
[Site "Chess.com"]
[Date "2018.09.04"]
[Round "3"]
[White "lucasmito"]
[Black "JoakimVonAnd"]
[Result "0-1"]
[WhiteElo "2340"]
[BlackElo "2363"]
[TimeControl "180+2"]
[EndTime "14:13:27 PDT"]
[Termination "JoakimVonAnd won by resignation"]

1. e4 c6 2. d4 d5 3. Nc3 dxe4 4. Nxe4 Bf5 5. Ng3 Bg6 6. h4 h6 7. h5 Bh7 8. Nf3 Nf6 9. Bd3 Bxd3 10. Qxd3 e6 11.
Bd2 c5 12. O-O-O Nc6 13. Bc3 Qd5 14. dxc5 Qxd3 15. Rxd3 Bxc5 16. Nd4 Nxd4 17. Bxd4 Bxd4 18. Rxd4 Rd8 19. Rhd1 Ke7 20. Rxd8 Rxd8 21. Rxd8 Kxd8 22. c4 Ng4 23. Ne4 Ke7 24. f3 Ne3 25. c5 Nxg2 26. Kd2 Nf4 27. Ng3 Kf6 28. Ke3 Nd5+ 29. Kd4 Kg5 30.
Ne4+ Kxh5 31. Nd6 b6 32. c6 Nc7 33. a4 Kg6 34. Nb5 Nd5 35. c7 Nxc7 36. Nxc7 h5 37.
Nb5 Kf5 38. Ke3 a5 39. Nd6+ Ke5 40. Nxf7+ Kd5 41. Kd3 h4 42. Ng5 e5 43. Nh3 g6 44.
b3 Kc5 45. Kc3 Kd5 46. Ng5 Kc5 47. Nh3 Kd5 48. Nf2 Kc5 49. Nh3 Kd5 50. Ng5 Kc5 51. Ne4+ Kd5 52. Nf2 Kc5 53. Nh3 Kd5 54. b4 Ke6 55. bxa5 bxa5 56. Kc4 Kf5 57. Kd5 g5 58. Kd6 g4 59. fxg4+ Kxg4 60. Nf2+ Kf3 61. Nh3 e4 62. Kd5 e3 63. Kd4 0-1

[Event "*** Titled Tuesday Blitz"]
[Site "Chess.com"]
[Date "2018.09.04"]
[Round "3"]
[White "dcremisi"]
[Black "Samuray111"]
[Result "0-1"]
[WhiteElo "2269"]
[BlackElo "2594"]
[TimeControl "180+2"]
[EndTime "14:13:30 PDT"]
[Termination "Samuray111 won by resignation"]

1. d4 d6 2. c4 e5 3. d5 f5 4. e4 Nf6 5. Nc3 g6 6. Bd3 f4 7. g3 fxg3 8. hxg3 Bg7 9. Bg5 h6 10.
Be3 Ng4 11. Bd2 O-O 12. f3 Nf6 13. Bxh6 Nh5 14. Bxg7 Kxg7 15. Qd2 Na6 16. Nce2 Nc5 17. Bc2 a5 18. g4 Nf4 19. Nxf4 exf4 20. Ne2 Qf6 21.
O-O-O Bd7 22. Qd4 Qxd4 23. Nxd4 Rh8 24. Kd2 g5 25. Ke2 Kf6 26. Kf2 Rag8 27. Kg2 Be8 28. Nf5 Bg6 29. Rxh8 Rxh8 30. Rh1 Rxh1 31. Kxh1 Bxf5 32.
exf5 Ke5 33. Kg2 Nd7 34. Kf2 Kd4 35. Ba4 Nf6 36. Bb5 Kd3 37. a4 Kc2 38. Ke2 Kxb2 39.
Kd3 Kb3 40. Kd4 Kb4 41. Kd3 Kc5 42. Kc3 c6 43. dxc6 bxc6 44. Ba6 Kb6 45. Bc8 Kc5 46. Be6 Ne8 47. Kd3 Nf6 48. Kc3 Nh7 49. Kd3 Kb4 50.
Kd4 Nf6 51. c5 dxc5+ 52. Ke5 Nxg4+ 53. fxg4 f3 54. f6 f2 55. f7 f1=Q 56. Bf5 Qf4+ 57. Ke6 Qb8 58. Ke7 Qc7+ 59. Bd7 Qe5+ 60. Be6 Qg7 61. Ke8 Qf6 62. f8=Q Qxe6+ 63. Kd8 Qxg4 64. Qe8 Qf3 65. Qe7 g4 66. Kc7 g3 67. Kb6 g2 68.
Qxc5+ Kb3 69. Qc1 Qf2+ 70. Kxa5 g1=Q 71. Qxc6 Qc5+ 0-1

[Event "*** Titled Tuesday Blitz"]
[Site "Chess.com"]
[Date "2018.09.04"]
[Round "3"]
[White "staz_staz"]
[Black "bugsbunny444"]
[Result "0-1"]
[WhiteElo "2340"]
[BlackElo "2425"]
[TimeControl "180+2"]
[EndTime "14:13:33 PDT"]
[Termination "bugsbunny444 won by resignation"]

1. d4 e6 2. c4 b6 3. Nf3 Bb7 4. g3 Bb4+ 5. Bd2 Bxf3 6. exf3 Bxd2+ 7. Nxd2 Nc6 8. d5 exd5 9. cxd5 Qe7+ 10. Be2 Nd4 11.
Ne4 Qb4+ 12. Nc3 Qxb2 13. Rc1 Nf6 14. O-O Nxe2+ 15. Nxe2 O-O 16. Rxc7 Qxa2 17. Nf4 Rfc8 18. Qc1 Rxc7 19. Qxc7 Qa3 20. Kg2 Qc5 21. Qe5 Re8 22. Qf5 Qd6 23. Rd1 Re5 24. Qc2 g5 25. Nh3 Rxd5 26. Re1 h6 27. Qc8+ Kg7 28. f4 Qc6 29.
Qxc6 dxc6 30. fxg5 hxg5 31. Re7 g4 32. Nf4 Rd7 33.
Re5 a5 34. h3 gxh3+ 35. Nxh3 a4 36. g4 a3 37. g5 Nd5 38. Re2 Ra7 39. Ra2 Nc3 40. Ra1 a2 41. f4 Ra5 42. Nf2 Rb5 43. Ne4 Rb2+ 44. Kg3 Nxe4+ 45. Kg4 Nc5 46. f5 Nb3 47.
f6+ Kg8 48. Rh1 a1=Q 49. Rh3 Qg1+ 50. Kh5 Rh2 51. Rh4 Rxh4+ 52. Kxh4 Nd4 0-1

[Event "*** Titled Tuesday Blitz"]
[Site "Chess.com"]
[Date "2018.09.04"]
[Round "3"]
[White "2165149677570"]
[Black "Zarikovs1999"]
[Result "1-0"]
[WhiteElo "2292"]
[BlackElo "2176"]
[TimeControl "180+2"]
[EndTime "14:13:34 PDT"]
[Termination "2165149677570 won by resignation"]

1. e4 c5 2. Nf3 d6 3. Bb5+ Nd7 4. a4 g6 5. O-O Bg7 6. Nc3 Nf6 7. a5 O-O 8. a6 bxa6 9. Bc4 Nb6 10. Bxa6 Bxa6 11.
Rxa6 Qc8 12. Ra1 d5 13. d3 dxe4 14. dxe4 Qb7 15. Qe2 Rfd8 16. Nd2 Nh5 17. Nb3 c4 18. Na5 Qc7 19. g3 Bd4 20. Nb5 Qc5 21. Nxd4 Rxd4 22. c3 Rd3 23. Be3 Qb5 24. Nxc4 Rxe3 25. Qxe3 Nxc4 26. Qd4 e5 27. Qd5 Qxd5 28. exd5 Kf8 29.
Ra2 Ke7 30. b3 Nb6 31. c4 Kd6 32. Rfa1 a5 33. Rxa5 Rxa5 34. Rxa5 Nd7 35. b4 Nhf6 36. Ra6+ Kc7 37. Rc6+ Kb7 38. Kf1 Ne4 39. Ke2 Nb8 40. Ke3 f5 41. Re6 Nc3 42. Rxe5 Na6 43. Kd4 Nd1 44. b5 Nb4 45. Re7+ Kb6 46. Re6+ Kb7 47. d6 Nc2+ 48. Kc5 Nb2 49. Re7+ Kc8 50. Kc6 Nb4+ 51. Kb6 Nxc4+ 52. Kc5 Na5 53. Kxb4 1-0

[Event "*** Titled Tuesday Blitz"]
[Site "Chess.com"]
[Date "2018.09.04"]
[Round "3"]
[White "Bryakin_Mikhail"]
[Black "area_5"]
[Result "1-0"]
[WhiteElo "2535"]
[BlackElo "2570"]
[TimeControl "180+2"]
[EndTime "14:13:36 PDT"]
[Termination "Bryakin_Mikhail won by resignation"]

1. d4 g6 2. c4 Bg7 3. e4 c5 4.
d5 d6 5. Nc3 Nf6 6. h3 O-O 7.
Nf3 a6 8. Bd3 e6 9. O-O exd5 10.
exd5 Re8 11. Bf4 Nh5 12. Bh2 Bf8 13. Qd2 Nd7 14. a3 Ndf6 15. b4 b6 16. Rfe1 Rxe1+ 17. Rxe1 Ng7 18. g4 h5 19. g5 Nfe8 20. h4 Ra7 21.
Kg2 Re7 22. Rxe7 Bxe7 23. Qf4 Nf5 24. Ne4 Bf8 25. Ned2 cxb4 26. axb4 a5 27. b5 Qe7 28. Ne4 Bg7 29. Qd2 Qd7 30. Qc2 Nxh4+ 31. Nxh4 Qh3+ 32. Kg1 Qxh4 33. Bg3 Qg4 34. Be2 Qd7 35. Kg2 Qc7 36.
Qd3 Bf5 37. Bf3 Qe7 38. Qe3 Qd8 39. Nd2 Bb2 40. Qb3 Ba1 41. Bf4 Ng7 42. Ne4 Bxe4 43. Bxe4 Bd4 44. Qd3 Bc5 45. Qc3 Qd7 46. f3 Nf5 47. Qf6 Qe7 48. Qc3 Ng7 49. Qd3 Kh7 50. Kg3 Qd7 51. Kg2 Nf5 52. Qc3 Bd4 53. Qd3 Bc5 54.
Qc3 a4 55. Bc1 Ng7 56. Bb2 f5 57. gxf6 Nf5 58. f7 Nh4+ 59. Kh2 1-0

[Event "*** Titled Tuesday Blitz"]
[Site "Chess.com"]
[Date "2018.09.04"]
[Round "3"]
[White "Gareth-Bale11"]
[Black "Nowaybacksasha"]
[Result "0-1"]
[WhiteElo "2619"]
[BlackElo "2816"]
[TimeControl "180+2"]
[EndTime "14:13:38 PDT"]
[Termination "Nowaybacksasha won by resignation"]

1. d4 Nf6 2. Nf3 g6 3. Nbd2 d5 4. b4 Bg7 5. e3 a5 6. b5 c5 7.
bxc6 Nxc6 8. a4 O-O 9. Ba3 Re8 10.
Bb5 Bd7 11. O-O Rc8 12. Qe2 e5 13. Bxc6 Rxc6 14. dxe5 Ng4 15. Nd4 Bxe5 16. N2f3 Bxd4 17. Nxd4 Rc4 18. Rfd1 Rxa4 19. Bb2 Rc4 20. Nf3 Bf5 21.
Qxc4 dxc4 22. Rxd8 Rxd8 23. Nd4 b6 24. h3 Nh6 25. g4 Bd7 26. Bc3 f5 27. f3 fxg4 28.
hxg4 Nf7 29. Rb1 b5 30. Nxb5 Rb8 31. Na3 Rxb1+ 32. Nxb1 a4 33. Na3 Be6 34. Kf2 h5 35. gxh5 gxh5 36. Kg3 Kh7 37. e4 Nd6 38. Bb4 Ne8 39.
f4 Nf6 40. f5 Nxe4+ 41. Kf4 Bd5 42. Nxc4 h4 43. Ne3 h3 44. Ng4 Kg7 45. c4 Bb7 46. f6+ Kf7 47. c5 Nxf6 48. Nxf6 h2 49. Ne4 Bxe4 50. Kxe4 h1=Q+ 0-1

[Event "*** Titled Tuesday Blitz"]
[Site "Chess.com"]
[Date "2018.09.04"]
[Round "3"]
[White "Sanan_Sjugirov"]
[Black "GMBenjaminBok"]
[Result "1-0"]
[WhiteElo "2883"]
[BlackElo "2641"]
[TimeControl "180+2"]
[EndTime "14:13:40 PDT"]
[Termination "Sanan_Sjugirov won by resignation"]

1. e4 c5 2. Nf3 d6 3. d4 cxd4 4.
Qxd4 Nf6 5. h3 Nc6 6. Qe3 g6 7. Be2 Bg7 8. O-O O-O 9. c4 Be6 10. Nc3 a5 11. Rd1 Qb8 12. Bd2 a4 13. Rac1 Qa7 14.
Qxa7 Rxa7 15. Be3 Ra5 16. a3 Rc8 17. Rc2 h6 18. Rdc1 Kf8 19. Bd3 Nd7 20. Nd5 Nc5 21.
Rd1 g5 22. Bd2 Ra7 23. Bc3 Nxd3 24. Rxd3 f5 25. Nd2 Bxc3 26. Rcxc3 Ne5 27. Rd4 f4 28. h4 Ra5 29. hxg5 hxg5 30. g3 fxg3 31. Rxg3 g4 32.
Ne3 Rac5 33. Kg2 b5 34. cxb5 Rxb5 35. Nd1 Rc1 36. Nf1 Nf3 37. Rxf3+ gxf3+ 38. Kxf3 Bb3 39. Nfe3 Rh5 40. Nc3 Rh3+ 41. Kg2 Rh4 42. Nxa4 Bxa4 43. Rxa4 Rb1 44. Rb4 Kf7 45. a4 Rhh1 46. a5 Ra1 47. Rb5 Rhc1 48. b4 Rc3 49. Rb7 Rb3 50. Nf5 Kf6 51. Nxe7 Ke5 52. Rb6 Kxe4 53. a6 d5 54. Nc6 d4 55. a7 d3 56. Na5 1-0

[Event "*** Titled Tuesday Blitz"]
[Site "Chess.com"]
[Date "2018.09.04"]
[Round "3"]
[White "BvsN"]
[Black "Jbd735"]
[Result "1-0"]
[WhiteElo "2242"]
[BlackElo "2333"]
[TimeControl "180+2"]
[EndTime "14:13:43 PDT"]
[Termination "BvsN won by resignation"]

1. d4 d5 2. c4 e6 3. Nc3 c6 4.
e3 Nf6 5. Nf3 Nbd7 6. Qc2 Bd6 7.
Bd3 O-O 8. O-O Qe7 9. Rd1 dxc4 10. Bxc4 e5 11. h3 e4 12. Ng5 Nb6 13. Bb3 Bf5 14.
f3 Rae8 15. Ngxe4 Bb8 16. Nxf6+ Qxf6 17. e4 Qd6 18. f4 Bc8 19. Qf2 Kh8 20. Be3 f5 21. e5 Qg6 22. d5 Nxd5 23. Nxd5 cxd5 24. Bxd5 b6 25. Rac1 Rd8 26. Rd2 Rxd5 27. Rxd5 Bb7 28. Rd2 Be4 29. Rcd1 Bc7 30. Rd7 Qc6 31. Qg3 Rg8 32.
e6 Bb8 33. e7 Qe6 34. Qg5 h6 35. Qg3 Bc6 36. Rd8 Qxe7 37. Rxg8+ Kxg8 38. Bd4 Bc7 39. Re1 Qd7 40. Bc3 Be4 41. Qf2 Qd6 42. Be5 Qd7 43.
Bxc7 Qxc7 44. Kh2 Qc6 45. Qd2 Qe6 46. Rd1 Qxa2 47. Qd8+ Kh7 48. Rd2 Qe6 49. Qc7 Qg6 50. Qc3 a5 51. Qg3 Qf6 52. Rd7 Qxb2 53. Rd8 a4 54.
Rd6 Qxg2+ 55. Qxg2 Bxg2 56. Kxg2 b5 57. Rb6 a3 58.
Rxb5 a2 59. Ra5 1-0

[Event "*** Titled Tuesday Blitz"]
[Site "Chess.com"]
[Date "2018.09.04"]
[Round "3"]
[White "eljanov"]
[Black "ulises2013"]
[Result "0-1"]
[WhiteElo "2723"]
[BlackElo "2512"]
[TimeControl "180+2"]
[EndTime "14:13:48 PDT"]
[Termination "ulises2013 won by resignation"]

1. c4 c5 2. g3 g6 3. Bg2 Bg7 4. Nc3 Nc6 5. d3 d6 6. e4 e5 7. Nge2 Nge7 8. h4 h6 9. h5 g5 10. f4 exf4 11. gxf4 Bg4 12. fxg5 hxg5 13. Bxg5 Rxh5 14.
Rxh5 Bxh5 15. Qd2 Qd7 16. O-O-O O-O-O 17. Rh1 Rh8 18. Ng3 Bg4 19. Rf1 Be6 20. Nd5 Be5 21. Ne2 Rh2 22. Rf2 Ng6 23. Ng1 Bd4 24. Nf3 Bxf2 25. Nxh2 Bd4 26. Nf3 Bg7 27. a3 Nge5 28. Kb1 Nxf3 29. Bxf3 Nd4 30. Bd1 Kb8 31. Nf4 Be5 32. Ne2 Nf3 33. Qe3 Nxg5 34. Qxg5 b5 35. Bb3 a5 36. Nc1 a4 37. Ba2 b4 38. axb4 cxb4 39.
b3 a3 40. Ne2 f6 41. Qe3 Qh7 42.
Qb6+ Kc8 43. Qxb4 Qh1+ 44. Nc1 Bb2 45. Qd2 f5 46. b4 fxe4 47. Qf4 exd3 48. Qf8+ Kc7 49.
Qe7+ Bd7 50. Qe3 d2 51. Qa7+ Kd8 52. Qb6+ Ke7 53. Qe3+ Be6 54. Qg5+ Bf6 0-1

[Event "*** Titled Tuesday Blitz"]
[Site "Chess.com"]
[Date "2018.09.04"]
[Round "3"]
[White "GHANDEEVAM2003"]
[Black "sergiochess83"]
[Result "0-1"]
[WhiteElo "2698"]
[BlackElo "2731"]
[TimeControl "180+2"]
[EndTime "14:13:51 PDT"]
[Termination "sergiochess83 won by resignation"]

1. d4 Nf6 2. Nf3 g6 3. g3 Bg7 4. Bg2 O-O 5. O-O d6 6. c4 Nbd7 7. Nc3 e5 8. e4 c6 9. Re1 Qb6 10. h3 exd4 11. Nxd4 Ng4 12. Qxg4 Bxd4 13. Qe2 Ne5 14. Bh6 Be6 15. Bxf8 Rxf8 16. Rad1 Bxc4 17. Qc2 Nd3 18. Rf1 Nb4 19. Qd2 Bxf1 20. Bxf1 Be5 21. Kg2 Na6 22. f4 Bxc3 23. Qxc3 Nc5 24. Qd4 Re8 25.
Bd3 Nxd3 26. Rxd3 c5 27. Qxd6 Qxd6 28. Rxd6 Rxe4 29. Kf3 Rb4 30. b3 c4 31. bxc4 Rxc4 32. Rd7 Rb4 33. g4 a5 34. a4 Kg7 35. g5 b6 36. Rb7 h5 37. h4 Rxa4 38. Rxb6 Ra3+ 39. Kg2 Rc3 40. Ra6 Rc5 41. Ra7 Rf5 42. Kf3 Kf8 43. Ke4 Ke8 44. Ke3 Kd8 45. Ke4 Kc8 46. Ke3 Kb8 47. Rd7 a4 48. Rd3 Kc7 49. Ra3 Ra5 50. f5 Kd6 51. fxg6 fxg6 52. Kd4 Ra8 53. Kc4 Ke5 54.
Kb4 Kf4 55. Rc3 a3 0-1